 Dungeon Crawl Stone Soup version 0.30.0-20-g3615ddf2f0 (webtiles) character file.

Game seed: 5133348260260033336

817 qw the Chopper (level 7, -1/44 HPs)
             Began as a Gargoyle Fighter on May 31, 2023.
             Killed from afar by an electric eel (4 damage)
             ... with a bolt of electricity
             ... on level 5 of the Dungeon.
             The game lasted 00:02:07 (4008 turns).

qw the Chopper (Gargoyle Fighter)                   Turns: 4008, Time: 00:02:07

Health: -1/44      AC: 16    Str: 21    XL:     7   Next: 94%
Magic:  7/7        EV: 13    Int:  9    God:
Gold:   242        SH:  4    Dex:  9    Spells: 6/6 levels left

rFire   . . .        Y - +1 war axe
rCold   . . .        c - +0 buckler
rNeg    + + .        g - +0 chain mail
rPois   inf          a - +0 helmet
rElec   +            (no cloak)
rCorr   .            (no gloves)
SInv    .            l - +0 pair of boots
Will    .....        (no amulet) Stlth
                     j - ring of positive energy
HPRegen 0.27/turn    k - +5 ring of evasion
MPRegen 0.10/turn

%: no passive effects
@: very slow
A: sickness immunity, AC +4, negative energy resistance 1, electricity
resistance, torment resistance 1, petrification resistance
a: no special abilities


You were on level 5 of the Dungeon.
You visited 1 branch of the dungeon, and saw 5 of its levels.

You collected 242 gold pieces.


Innate Abilities, Weirdness & Mutations

You are immune to sickness and miasma.
Your stone body is resilient. (AC +4)
You are immune to poison.
You resist negative energy. (rN+)
You are resistant to electric shocks. (rElec)
You are resistant to unholy torment.
You are immune to petrification.


   Skills:
 - Level 5.1 Fighting
 - Level 7.0 Axes
 + Level 1.1 Throwing
 - Level 3.2 Armour
 - Level 1.0 Dodging
 - Level 3.2 Shields


You had 6 spell levels left.
You didn't know any spells.
Your spell library was empty.

Inventory:

Hand Weapons
 h - a +0 flail
 Y - a +1 war axe (weapon)
Missiles
 o - 5 javelins (quivered)
Armour
 a - a +0 helmet (worn)
 c - a +0 buckler (worn)
 g - a +0 chain mail (worn)
 l - a +0 pair of boots (worn)
Jewellery
 j - a ring of positive energy (left hand)
 k - a +5 ring of evasion (right hand)
Scrolls
 b - 3 scrolls of fog {unknown}
 q - a scroll of identify
Potions
 d - 2 potions of might
 f - a potion of heal wounds {unknown}
 i - a potion of attraction
 m - a potion of resistance {unknown}
 n - a potion of invisibility {unknown}
 s - a potion of degeneration {unknown}

Dungeon Overview and Level Annotations

Branches:
Dungeon (5/15)
 Temple: D:4-7

Altars:
Hepliaklqana


Message History

The electric eel shoots out a bolt of lightning at you!
The bolt of electricity hits you. You resist.
You slice the plant!!
The plant is moderately damaged.
A nearby plant withers and dies.
The electric eel shoots out a bolt of lightning at you!
The bolt of electricity hits you. You resist.
You enter the shallow water.
Moving in this stuff is going to be slow.
The electric eel shoots out a bolt of lightning at you!
The bolt of electricity hits you. You resist.
The electric eel shoots out a bolt of lightning at you!
The bolt of electricity hits you. You resist.
You closely miss the electric eel.
The electric eel shoots out a bolt of lightning at you!
The bolt of electricity hits you. You resist.
The electric eel shoots out a bolt of lightning at you!
The bolt of electricity misses you.
The electric eel shoots out a bolt of lightning at you!
The bolt of electricity misses you.
You hit the electric eel but do no damage.
You closely miss the electric eel.
The electric eel shoots out a bolt of lightning at you!
The bolt of electricity hits you. You resist.
The bolt of electricity hits the plant!
The plant begins to die.
You barely miss the electric eel.
Your unstable footing causes you to fumble your attack.
The electric eel shoots out a bolt of lightning at you!
The bolt of electricity hits you. You resist.
Your unstable footing causes you to fumble your attack.
You closely miss the electric eel. You slash the electric eel!
A nearby plant withers and dies.
The electric eel shoots out a bolt of lightning at you!
The bolt of electricity hits you. You resist.
The electric eel shoots out a bolt of lightning at you!
The bolt of electricity hits you. You resist.
The electric eel shoots out a bolt of lightning at you!
The bolt of electricity hits you. You resist. The bolt of electricity hits you.
You resist.
You die...

......# ###.##########......#.
......# ##...................#.
.....>#####..######.....#......#.
............##~...'..##..........
.############~#####.#####.###'###
## ##...~~##~~~### #.[...... #
##.######~~?S~# ######### #
#~##~SS##~.$S!# # #~#~~$S~#$S@..#
# #%#~(..!#P~.~~# ##
#~#.~.P~#.....# .#
#~#~..P.#.....# .#
#.#.....##..'### .## #.# #####..#
..####.## +##~~...##
#...###~####..~#####
###..###~~~..###


You could see 3 electric eels.

Vanquished Creatures
  Sigmund (D:3)
  A yak (D:5)
  A scorpion (D:5)
  A jelly (D:5)
  2 orc priests (D:5)
  An iguana (D:5)
  Natasha (thrice) (D:3)
  2 orc wizards (D:5)
  8 gnolls
  3 adders
  An ufetubus (D:4)
  A worm (D:4)
  2 dart slugs (D:2)
  4 orcs
  9 ball pythons
  4 endoplasms
  4 giant cockroaches
  11 goblins
  8 hobgoblins
  14 jackals
  9 kobolds
  2 quokkas
  8 bats
  2 frilled lizards
  3 rats
105 creatures vanquished.

Notes
Turn   | Place    | Note
-------+----------+-------------------------------------------
     0 | D:1      | qw the Gargoyle Fighter began the quest for the Orb.
     0 | D:1      | Reached XP level 1. HP: 14/14 MP: 1/1
     0 | D:1      | 0 ||| qw: Version: 0.2-a-102-gfc559e5
     0 | D:1      | 0 ||| qw: Game counter: 582
     0 | D:1      | 0 ||| qw: Always use a shield: true
     0 | D:1      | 0 ||| qw: God list: Okawaru
     0 | D:1      | 0 ||| qw: Allow faded altars: false
     0 | D:1      | 0 ||| qw: Do Orc after D:15 true
     0 | D:1      | 0 ||| qw: Do second Lair branch before Depths: true
     0 | D:1      | 0 ||| qw: Lair rune preference: random
     0 | D:1      | 0 ||| qw: Plans: Normal, Zot:1-4, Slime:5, God:TSO, Crypt,
                  | Tomb, Pan, Hells, Abyss, Win
     0 | D:1      | 0 ||| PLANNING D:1-11
    58 | D:1      | 58 ||| Stepping ~*~*~tactically~*~*~ (stealth).
    65 | D:1      | Reached skill level 2 in Axes
    70 | D:1      | Reached XP level 2. HP: 10/19 MP: 2/2
    78 | D:1      | 78 ||| FLEEEEING.
    79 | D:1      | 79 ||| FLEEEEING.
    80 | D:1      | 80 ||| FLEEEEING.
    81 | D:1      | 81 ||| FLEEEEING.
    82 | D:1      | 82 ||| FLEEEEING.
    83 | D:1      | 83 ||| FLEEEEING.
    84 | D:1      | 84 ||| FLEEEEING.
    85 | D:1      | 85 ||| FLEEEEING.
    86 | D:1      | 86 ||| FLEEEEING.
    87 | D:1      | 87 ||| FLEEEEING.
    89 | D:1      | 89 ||| FLEEEEING.
    90 | D:1      | 90 ||| FLEEEEING.
    91 | D:1      | 91 ||| FLEEEEING.
    93 | D:1      | 93 ||| FLEEEEING.
    94 | D:1      | 94 ||| FLEEEEING.
    95 | D:1      | 95 ||| FLEEEEING.
    97 | D:1      | 97 ||| FLEEEEING.
    98 | D:1      | 98 ||| FLEEEEING.
   100 | D:1      | 100 ||| FLEEEEING.
   101 | D:1      | 101 ||| FLEEEEING.
   102 | D:1      | 102 ||| FLEEEEING.
   103 | D:1      | 103 ||| FLEEEEING.
   104 | D:1      | 104 ||| FLEEEEING.
   107 | D:1      | 107 ||| FLEEEEING.
   222 | D:1      | 222 ||| Stepping ~*~*~tactically~*~*~ (stealth).
   235 | D:1      | 235 ||| Stepping ~*~*~tactically~*~*~ (stealth).
   242 | D:1      | Reached skill level 3 in Axes
   254 | D:1      | Reached XP level 3. HP: 23/23 MP: 3/3
   487 | D:1      | 487 ||| Stepping ~*~*~tactically~*~*~ (stealth).
   489 | D:1      | 489 ||| Stepping ~*~*~tactically~*~*~ (stealth).
   540 | D:1      | 540 ||| DROPPING +0 club.
   565 | D:1      | 565 ||| UPGRADING to ring of positive energy.
   566 | D:1      | 566 ||| UPGRADING to +5 ring of evasion.
   567 | D:1      | 567 ||| READING scroll labelled QECHATOOMI.
   568 | D:1      | 568 ||| READING scroll labelled PYOFYG PUEW.
   670 | D:2      | 670 ||| Stepping ~*~*~tactically~*~*~ (stealth).
   687 | D:2      | Reached XP level 4. HP: 24/28 MP: 4/4
   753 | D:2      | 753 ||| Stepping ~*~*~tactically~*~*~ (stealth).
   963 | D:2      | 963 ||| Stepping ~*~*~tactically~*~*~ (hiding).
   964 | D:2      | 964 ||| Stepping ~*~*~tactically~*~*~ (hiding).
   974 | D:2      | Reached skill level 4 in Axes
   976 | D:2      | Found a faded altar of an unknown god.
  1164 | D:2      | 1164 ||| UPGRADING to +0 helmet.
  1169 | D:2      | 1169 ||| READING scroll labelled SOOTECW ZERAFU.
  1170 | D:2      | 1170 ||| READING scroll labelled BINKEM UKHLAXA.
  1171 | D:2      | 1171 ||| READING 2 scrolls labelled PUUVUE GISAJE.
  1172 | D:2      | 1172 ||| DRINKING 2 dark potions.
  1173 | D:2      | 1173 ||| DROPPING potion of magic.
  1174 | D:2      | 1174 ||| DROPPING scroll of immolation.
  1265 | D:3      | 1265 ||| Stepping ~*~*~tactically~*~*~ (stealth).
  1266 | D:3      | 1266 ||| Stepping ~*~*~tactically~*~*~ (stealth).
  1326 | D:3      | 1326 ||| Stepping ~*~*~tactically~*~*~ (hiding).
  1330 | D:3      | Reached XP level 5. HP: 32/32 MP: 5/5
  1330 | D:3      | 1330 ||| Stepping ~*~*~tactically~*~*~ (hiding).
  1439 | D:3      | 1439 ||| DROPPING +0 whip.
  1598 | D:3      | Noticed Sigmund
  1607 | D:3      | Killed Sigmund
  1608 | D:3      | Reached skill level 5 in Axes
  1608 | D:3      | Reached XP level 6. HP: 24/37 MP: 6/6
  1764 | D:3      | Noticed Natasha
  1775 | D:3      | Killed Natasha
  1952 | D:3      | Noticed Natasha
  1953 | D:3      | 1953 ||| Stepping ~*~*~tactically~*~*~ (stealth).
  1960 | D:3      | Killed Natasha
  1963 | D:3      | Noticed Natasha
  1964 | D:3      | 1964 ||| FLEEEEING.
  1987 | D:3      | Killed Natasha
  2059 | D:3      | 2059 ||| UPGRADING to +0 pair of boots.
  2064 | D:3      | 2064 ||| READING scroll labelled KOPPAOGREMP.
  2067 | D:3      | 2067 ||| READING scroll labelled VINNUF BICOYTWE.
  2068 | D:3      | 2068 ||| DRINKING 2 brown potions.
  2069 | D:3      | 2069 ||| DRINKING 2 fuming white potions.
  2070 | D:3      | 2070 ||| DROPPING potion of brilliance.
  2140 | D:4      | 2140 ||| Stepping ~*~*~tactically~*~*~ (stealth).
  2154 | D:4      | Reached skill level 1 in Dodging
  2546 | D:4      | 2546 ||| Stepping ~*~*~tactically~*~*~ (water).
  2549 | D:4      | Reached skill level 6 in Axes
  2556 | D:4      | HP: 8/38 [gnoll/+0 flail (6)]
  2560 | D:4      | Reached XP level 7. HP: 9/43 MP: 7/7
  2903 | D:4      | 2903 ||| Stepping ~*~*~tactically~*~*~ (stealth).
  3280 | D:4      | 3280 ||| UPGRADING to +0 chain mail.
  3290 | D:4      | 3290 ||| DROPPING +0 scale mail.
  3291 | D:4      | 3291 ||| DROPPING ring of magical power.
  3292 | D:4      | 3292 ||| READING scroll labelled NOOCZA VUIPLAOS.
  3293 | D:4      | 3293 ||| READING scroll labelled BAPIONIWO.
  3329 | D:5      | Entered Level 5 of the Dungeon
  3335 | D:5      | Reached skill level 1 in Throwing
  3342 | D:5      | Found a hazy altar of Hepliaklqana.
  3627 | D:5      | 3627 ||| Stepping ~*~*~tactically~*~*~ (stealth).
  3629 | D:5      | 3629 ||| Stepping ~*~*~tactically~*~*~ (hiding).
  3963 | D:5      | Reached skill level 7 in Axes
  3975 | D:5      | Noticed a yak
  3982 | D:5      | Killed a yak
  4006 | D:5      | HP: 10/44 [electric eel/bolt of electricity (4)]
  4008 | D:5      | HP: 4/44 [electric eel/bolt of electricity (3)]
  4008 | D:5      | Killed from afar by an electric eel

Levels and vault maps discovered:
D:1:      erik_arrival_triangle_large, layout_basic
D:2:      layout_rooms, hellmonk_ecumenical_altar_arch_garden
D:3:      layout_basic, minmay_goblin_kobold_house, uniq_sigmund, uniq_natasha
D:4:      layout_loops_corners, serial_bayou, serial_bayou_shore_b,
          serial_bayou_pond_d, serial_bayou_shore_a, serial_bayou_pond_b
D:5:      cheibrodos_two_vegetables, layout_basic,
          mainiacjoe_overflow_small_starburst

Skill      XL: |  1  2  3  4  5  6  7 |
---------------+----------------------+-----
Axes           | 2 3 4 5 6 7 |  7.0
Fighting       | 4 5 |  5.1
Dodging        | 1 |  1.0
Throwing       | 1 |  1.1
Armour         | |  3.2
Shields        | |  3.2

Action                     |  1- 3 |  4- 6 |  7- 9 || total
---------------------------+-------+-------+-------++-------
  Melee: War axe           |   101 |   181 |    47 ||   329
  Throw: Javelin           |       |       |    15 ||    15
    Use: Scroll            |     2 |     5 |     2 ||     9
         Potion            |       |     3 |       ||     3
 Armour: Scale mail        |    63 |    67 |     4 ||   134
         Chain mail        |       |       |    11 ||    11
  Dodge: Dodged            |    80 |   138 |    22 ||   240
  Block: Buckler           |    23 |    31 |     2 ||    56

Table legend:
 A = Non-vault XP
 B = Vault XP
 C = Vault XP percentage of total XP
 D = Non-vault monster count
 E = Vault monster count
 F = Vault count percentage of total count
                 A         B        C        D         E       F
            +---------+---------+-------+---------+---------+-------
      Total |     577 |     591 |  50.6 |      93 |      12 |  11.4
            +---------+---------+-------+---------+---------+-------
        D:1 |      48 |       0 |   0.0 |      26 |       0 |   0.0
        D:2 |      57 |       0 |   0.0 |      24 |       0 |   0.0
        D:3 |     160 |     258 |  61.7 |      18 |       6 |  25.0
        D:4 |     101 |       6 |   5.6 |      17 |       3 |  15.0
        D:5 |     211 |     327 |  60.8 |       8 |       3 |  27.3
            +---------+---------+-------+---------+---------+-------
